Map: Backwater LE

Players

mhaley - Winner!

  • Race: Protoss Protoss
  • League: Gold
  • Spawn Location: 11:00

bdrizzle

  • Race: Protoss Protoss
  • League: Silver
  • Spawn Location: 5:00

VOD

Have the link to the VOD?

Description

Time

  • Played on: April 13, 2018, 12:40 a.m.
  • Length: 23:04
Show
View Real Time Build Order
Export as new Build Order

mhaley Protoss - Winner!

Build Orders: Blink Stalkers, Zealot Archon 

Get SALT Encoding   

  12  0:01  Probe  
  13  0:17  Pylon  
  13  0:19  Probe  
  14  0:31  Probe  
  15  0:35  Gateway  
  15  0:43  Probe (Chrono Boost)  
  15  0:47  Assimilator  
  16  0:54  Probe (Chrono Boost)  
  17  0:58  Probe (Chrono Boost)  
  18  1:09  Probe  
  19  1:20  Pylon  
  19  1:22  Probe  
  20  1:27  Cybernetics Core  
  20  1:34  Probe (Chrono Boost), Gateway  
  21  1:45  Assimilator  
  21  1:46  Probe (Chrono Boost)  
  22  1:52  Probe (Chrono Boost)  
  23  1:57  Pylon  
  23  2:05  Shield Battery  
  23  2:08  Stalker (Chrono Boost)  
  23  2:13  Warp Gate  
  25  2:33  Stalker  
  27  2:42  Sentry  
  29  3:03  Nexus  
  29  3:13  Twilight Council, Probe (Chrono Boost)  
  30  3:22  Stalker, Probe (Chrono Boost)  
  30  3:24  Stalker  
  35  3:27  Probe (Chrono Boost)  
  36  3:39  Probe  
  35  3:51  Blink  
  35  3:54  Probe  
  36  4:06  Probe, Gateway  
  36  4:08  Gateway  
  37  4:10  Pylon  
  37  4:29  Dark Shrine  
  38  4:31  Probe (Chrono Boost)  
  38  4:38  Stalker x2  
  38  4:40  Probe (Chrono Boost)  
  43  4:45  Probe (Chrono Boost)  
  43  4:48  Pylon  
  43  4:50  Assimilator  
  44  4:57  Probe  
  45  5:03  Sentry  
  47  5:11  Probe  
  48  5:18  Robotics Facility  
  48  5:21  Gateway  
  48  5:24  Probe  
  47  5:36  Probe  
  48  5:49  Probe (Chrono Boost)  
  49  5:59  Probe (Chrono Boost)  
  50  6:04  Probe (Chrono Boost)  
  51  6:16  Immortal (Chrono Boost), Probe  
  56  6:26  Pylon  
  56  6:28  Assimilator, Probe  
  56  6:31  Gateway  
  57  6:36  Charge  
  57  6:40  Probe  
  57  6:41  Forge  
  57  6:43  Gateway  
  57  6:46  Gateway  
  57  6:47  Pylon  
  58  6:48  Warp Prism  
  58  6:52  Dark Templar x3, Probe  
  67  6:54  Dark Templar  
  67  6:58  Archon  
  67  6:59  Archon  
  69  7:04  Probe  
  70  7:14  Nexus  
  70  7:16  Probe  
  70  7:17  Photon Cannon  
  71  7:29  Stalker  
  73  7:30  Stalker  
  55  8:17  Dark Templar x3  
  55  8:18  Dark Templar x2  
  55  8:30  Probe (Chrono Boost)  
  55  8:34  Probe (Chrono Boost)  
  58  8:44  Probe (Chrono Boost)  
  58  8:45  Probe (Chrono Boost)  
  59  8:49  Probe (Chrono Boost)  
  59  8:52  Probe  
  59  8:54  Protoss Ground Weapons Level 1 (Chrono Boost)  
  61  9:00  Probe  
  62  9:04  Probe  
  61  9:10  Assimilator  
  61  9:12  Probe  
  61  9:13  Assimilator  
  61  9:14  Pylon, Zealot  
  61  9:15  Zealot x4  
  61  9:16  Probe  
  73  9:23  Photon Cannon  
  73  9:28  Photon Cannon, Probe  
  78  9:31  Immortal  
  78  9:34  Dark Templar  
  78  9:35  Dark Templar  
  82  9:38  Sentry x2  
  82  9:41  Archon  
  86  9:47  Probe (Chrono Boost)  
  87  9:57  Probe (Chrono Boost)  
  87  9:58  Templar Archives  
  87  9:59  Gateway  
  88  10:01  Gateway  
  88  10:02  Probe (Chrono Boost)  
  88  10:06  Pylon  
  89  10:10  Observer  
  89  10:12  Photon Cannon  
  90  10:15  Shield Battery  
  90  10:23  Nexus  
  90  10:31  Warp Prism  
  90  10:32  Stalker x4, Dark Templar x3  
  104  10:48  Archon  
  104  10:59  Forge  
  104  11:01  Protoss Ground Weapons Level 2 (Chrono Boost)  
  104  11:03  Pylon  
  104  11:07  Pylon  
  104  11:09  Assimilator  
  96  11:19  Pylon  
  79  11:45  Dark Templar  
  79  11:46  Dark Templar x2  
  85  11:56  Protoss Ground Armor Level 1 (Chrono Boost)  
  85  12:05  High Templar x2  
  85  12:06  High Templar  
  91  12:09  Immortal  
  91  12:12  Dark Templar  
  97  12:18  Probe (Chrono Boost)  
  98  12:28  Probe (Chrono Boost)  
  99  12:33  Probe (Chrono Boost)  
  99  12:36  Zealot x3  
  106  12:45  Probe  
  106  12:48  Observer (Chrono Boost)  
  96  12:56  Psionic Storm  
  96  12:57  Probe  
  97  13:05  Immortal (Chrono Boost)  
  101  13:22  Protoss Ground Weapons Level 3 (Chrono Boost)  
  101  13:25  Probe (Chrono Boost)  
  102  13:31  Protoss Shields Level 1 (Chrono Boost)  
  102  13:37  Probe (Chrono Boost)  
  103  13:42  Probe (Chrono Boost)  
  103  13:43  Robotics Bay  
  103  13:46  Pylon, Immortal  
  103  13:47  Pylon  
  108  13:50  Archon x2  
  108  13:51  Probe  
  109  14:03  Stalker x3  
  109  14:04  Probe  
  115  14:10  High Templar x5  
  115  14:11  High Templar  
  127  14:25  Pylon  
  127  14:28  Photon Cannon  
  127  14:32  Photon Cannon  
  127  14:33  Photon Cannon  
  127  14:34  Colossus, Shield Battery, Extended Thermal Lance (Chrono Boost)  
  127  14:37  Shield Battery  
  133  14:46  Zealot x9  
  151  15:28  Colossus  
  122  15:48  Archon  
  122  15:49  Archon  
  98  15:57  Protoss Ground Armor Level 2 (Chrono Boost)  
  94  16:11  Zealot x5  
  96  16:12  Zealot x4  
  104  16:30  Immortal (Chrono Boost)  
  108  16:40  Sentry x3  
  108  16:42  Stalker x4  
  108  16:43  Stalker  
  124  16:53  Assimilator  
  124  17:02  Colossus  
  124  17:03  Nexus, Zealot x4  
  124  17:06  Pylon  
  138  17:09  Pylon  
  122  17:35  Dark Templar x4  
  122  17:36  Zealot x2  
  122  17:37  Zealot x3  
  122  17:42  Archon  
  122  17:43  Archon  
  128  17:45  Protoss Shields Level 2 (Chrono Boost)  
  128  17:55  Colossus  
  134  18:08  Stalker x3  
  140  18:13  Adept x4  
  140  18:14  Adept x2  
  140  18:49  Colossus  
  118  19:10  Dark Templar x2  
  118  19:11  Dark Templar x5  
  118  19:12  Dark Templar x2  
  130  19:42  Colossus  
  136  19:57  Robotics Facility, Protoss Ground Armor Level 3 (Chrono Boost)  
  136  19:59  Robotics Facility  
  136  20:08  Assimilator  
  136  20:10  Assimilator  
  136  20:11  Archon x2  
  136  20:12  Archon  
  136  20:16  Archon  
  136  20:36  Colossus  
  136  20:37  Zealot  
  136  20:38  Zealot x5  
  136  20:39  Zealot x3  
  148  21:30  Colossus (Chrono Boost)  
  142  22:16  Colossus x2 (Chrono Boost)  
  142  22:44  Zealot x3  
  142  22:45  Zealot x5  
  142  22:46  Zealot  
Show
View Real Time Build Order
Export as new Build Order

bdrizzle Protoss 

Build Orders:  

Get SALT Encoding   

  12  0:01  Probe  
  13  0:17  Pylon  
  13  0:19  Probe (Chrono Boost)  
  14  0:31  Assimilator, Probe (Chrono Boost)  
  15  0:37  Probe (Chrono Boost)  
  16  0:46  Probe  
  17  0:54  Gateway  
  17  1:08  Gateway  
  17  1:09  Probe (Chrono Boost)  
  18  1:21  Probe (Chrono Boost)  
  19  1:29  Probe (Chrono Boost)  
  20  1:36  Probe  
  21  1:46  Cybernetics Core  
  21  1:54  Pylon  
  21  1:59  Probe  
  22  2:04  Assimilator  
  22  2:11  Probe  
  23  2:23  Adept x2, Probe  
  23  2:28  Shield Battery  
  28  2:37  Pylon  
  27  2:48  Nexus  
  27  2:56  Stalker  
  29  3:00  Stalker  
  31  3:14  Stargate  
  31  3:16  Probe (Chrono Boost)  
  32  3:25  Warp Gate  
  32  3:26  Probe (Chrono Boost)  
  33  3:30  Adept  
  35  3:39  Zealot  
  35  3:59  Adept  
  37  4:07  Robotics Facility  
  37  4:15  Probe (Chrono Boost)  
  39  4:17  Oracle (Chrono Boost)  
  39  4:20  Probe (Chrono Boost)  
  42  4:29  Probe (Chrono Boost)  
  43  4:33  Pylon  
  43  4:35  Zealot x2  
  47  4:40  Probe (Chrono Boost)  
  47  4:45  Probe (Chrono Boost)  
  49  4:50  Probe (Chrono Boost)  
  51  4:53  Twilight Council, Probe (Chrono Boost)  
  51  4:56  Forge  
  51  5:09  Immortal  
  51  5:11  Probe  
  51  5:53  Probe x2  
  51  5:57  Charge  
  53  5:58  Protoss Ground Weapons Level 1  
  52  6:05  Probe  
  57  6:18  Immortal  
  57  6:30  Gateway  
  57  6:32  Gateway  
  57  6:34  Gateway  
  57  6:35  Oracle  
  60  6:41  Zealot  
  62  6:53  Pylon  
  62  7:04  Assimilator  
  62  7:07  Assimilator  
  62  7:09  Pylon, Probe (Chrono Boost)  
  62  7:11  Immortal  
  62  7:12  Nexus  
  62  7:15  Pylon  
  67  7:19  Probe  
  68  7:26  Stalker  
  70  7:31  Probe  
  71  7:45  Zealot x2  
  71  7:46  Zealot  
  71  7:47  Zealot  
  71  7:51  Immortal  
  83  7:53  Protoss Ground Armor Level 1  
  79  8:15  Stalker x2  
  79  8:16  Stalker  
  84  8:29  Observer  
  77  9:10  Photon Cannon  
  77  9:13  Photon Cannon  
  77  9:17  Photon Cannon  
  77  9:18  Pylon  
  77  9:19  Photon Cannon  
  77  9:22  Photon Cannon  
  77  9:28  Probe (Chrono Boost)  
  78  9:38  Probe (Chrono Boost)  
  79  9:50  Observer  
  80  10:00  Probe x3  
  80  10:05  Stalker  
  80  10:06  Stalker x2  
  89  10:07  Stalker  
  89  10:08  Stalker  
  89  10:12  Probe x2  
  95  10:17  Immortal  
  95  10:41  Zealot x2  
  95  10:42  Zealot  
  101  10:54  Pylon  
  101  10:59  Photon Cannon  
  101  11:07  Probe (Chrono Boost)  
  100  11:16  Probe  
  95  11:21  Protoss Ground Weapons Level 2  
  93  11:28  Probe  
  88  11:36  Stalker  
  90  11:49  Stalker  
  91  12:14  Pylon  
  91  12:15  Zealot  
  91  12:17  Zealot x2  
  91  12:18  Zealot x2  
  101  12:30  Photon Cannon  
  101  12:31  Photon Cannon  
  101  12:33  Photon Cannon  
  101  12:34  Probe  
  101  12:35  Probe x2  
  104  12:38  Pylon  
  104  12:41  Pylon  
  103  12:47  Probe x2  
  99  13:26  Stalker x3  
  105  13:27  Stalker x2  
  105  13:30  Immortal  
  113  13:38  Probe x3  
  116  13:45  Pylon  
  116  13:50  Probe  
  114  14:11  Zealot x2  
  114  14:12  Zealot x2  
  114  14:13  Zealot  
  124  14:21  Immortal  
  128  14:25  Probe (Chrono Boost)  
  128  14:29  Probe x2 (Chrono Boost)  
  131  14:33  Photon Cannon  
  131  14:34  Photon Cannon  
  131  14:36  Probe (Chrono Boost)  
  133  14:40  Probe (Chrono Boost)  
  133  14:51  Photon Cannon  
  133  14:52  Photon Cannon  
  133  14:58  Pylon  
  133  15:16  Immortal, Probe  
  137  15:28  Probe  
  118  15:36  Zealot x2  
  118  15:37  Zealot x3  
  69  16:04  Stalker x2  
  69  16:05  Stalker  
  69  16:06  Stalker x2  
  61  16:28  Zealot x2  
  61  16:29  Zealot x2  
  61  16:30  Zealot  
  71  16:47  Immortal  
  71  16:52  Protoss Ground Armor Level 2  
  75  16:59  Zealot x2  
  75  17:00  Zealot x2  
  75  17:01  Zealot  
  84  17:26  Immortal (Chrono Boost)  
  72  17:39  Stalker  
  72  17:40  Stalker x2  
  72  17:41  Stalker  
  72  17:42  Stalker  
  82  17:55  Pylon  
  82  17:56  Robotics Facility  
  82  17:59  Robotics Facility  
  82  18:05  Probe (Chrono Boost)  
  83  18:11  Zealot  
  83  18:12  Zealot x3  
  89  18:13  Zealot  
  89  18:15  Probe (Chrono Boost)  
  89  18:17  Immortal  
  98  18:20  Probe (Chrono Boost)  
  87  18:32  Stalker  
  87  18:33  Stalker  
  91  18:34  Stalker  
  89  18:48  Zealot x2  
  90  18:56  Immortal  
  73  19:15  Zealot  
  73  19:16  Zealot x2  
  73  19:17  Zealot  
  71  19:18  Zealot  
  50  19:35  Observer  
  49  19:40  Zealot  
  49  19:41  Zealot x3  
  49  19:42  Zealot  
  59  19:56  Immortal (Chrono Boost)  
  63  20:05  Zealot  
  63  20:06  Zealot x2  
  69  20:08  Zealot x2  
  73  20:26  Immortal (Chrono Boost)  
  77  20:29  Stalker x2  
  77  20:30  Stalker  
  77  20:31  Stalker  
  77  20:32  Stalker  
  36  21:27  Zealot x2  
  36  21:28  Zealot  
  36  21:29  Zealot x2  
Tags
 
Add a new tag
Caveats
  • Supply blocks, unpowered buildings, or Contaminate may cause inaccurate times.
  • Supply counts are checked every 10 seconds.